 Dungeon Crawl Stone Soup version 0.31-a0-846-gb3bcc0d938 (webtiles) character file.

Game seed: 3236951702641613782

30 gruber the Chiller (level 3, 24/24 HPs)
             Began as a Demonspawn Ice Elementalist on Oct 3, 2023.
             Quit the game on level 2 of the Dungeon.
             The game lasted 00:01:46 (886 turns).

gruber the Chiller (Demonspawn Ice Elementalist)     Turns: 886, Time: 00:01:47

Health: 24/24      AC:  3    Str:  8    XL:     3   Next: 5%
Magic:  6/6        EV: 12    Int: 18    God:
Gold:   33         SH:  0    Dex: 13    Spells: 5/6 levels left

rFire   . . .        g - +0 short sword
rCold   . . .        (no shield)
rNeg    . . .        a - +0 robe
rPois   .            (helmet restricted)
rElec   .            (no cloak)
rCorr   .            d - +0 pair of gloves
SInv    .            (no boots)
Will    .....        (no amulet)
Stlth   ++           (no ring)
HPRegen 0.24/turn    (no ring)
MPRegen 0.10/turn

%: no passive effects
@: no status effects
A: antennae 1, demonic magic 1
a: no special abilities


You were on level 2 of the Dungeon.
You visited 1 branch of the dungeon, and saw 2 of its levels.

You collected 33 gold pieces.

Inventory:

Hand Weapons
 g - a +0 short sword (weapon)
Armour
 a - a +0 robe (worn)
 d - a +0 pair of gloves (worn)
Scrolls
 e - a scroll of acquirement {unknown}
 f - a scroll of vulnerability {unknown}
Potions
 b - a potion of magic
 c - 2 potions of mutation {unknown}


   Skills:
 - Level 1.7 Dodging
 - Level 1.7 Stealth
 - Level 2.0 Spellcasting
 + Level 4.5 Ice Magic


You had 5 spell levels left.
You knew the following spells:

 Your Spells              Type           Power      Damage    Failure   Level
a - Freeze                Ice            72%        1d8       2%          1

Your spell library contained the following spells:

 Spells                   Type           Power      Damage    Failure   Level
 Frozen Ramparts          Ice            36%        1d6       9%          3
 Ozocubu's Armour         Ice            18%        N/A       9%          3
 Summon Small Mammal      Summ           4%         N/A       19%         1
 Call Canine Familiar     Summ           1%         N/A       47%         3
 Summon Guardian Golem    Hex/Summ       1%         N/A       47%         3
 Summon Ice Beast         Ice/Summ       10%        N/A       56%         4
 Ozocubu's Refrigeration  Ice            9%         4d9       100%        7


Dungeon Overview and Level Annotations

Branches:
Dungeon (2/15)

Altars:


Innate Abilities, Weirdness & Mutations

You have a pair of small antennae on your head.
Spells you cast may paralyse adjacent enemies.


Message History

The bat is severely wounded.
Malevolent energies surge around you. The bat closely misses you.
You can't see any susceptible monsters within range! (Use Z to cast anyway.)
The bat hits you but does no damage. x2
You freeze the bat.
You kill the bat!
Malevolent energies surge around you.
You can't see any susceptible monsters within range! (Use Z to cast anyway.)
You see here 6 stones.
A giant cockroach comes into view.
Found Ozocubu's Autobiography.
A giant cockroach is nearby!
A giant cockroach is nearby!
The giant cockroach misses you.
You freeze the giant cockroach.
The giant cockroach is severely wounded.
Malevolent energies surge around you.
The giant cockroach suddenly stops moving!
The helpless giant cockroach fails to defend itself.
You hit the giant cockroach.
You kill the giant cockroach!
You have reached level 3!
Your experience leads to an increase in your attributes!
Increase (S)trength, (I)ntelligence, or (D)exterity?
You feel clever. x2; Your demonic ancestry asserts itself...
A pair of antennae grows on your head!
You pick up Ozocubu's Autobiography and begin reading...
You add the spell Ozocubu's Refrigeration to your library.
An endoplasm comes into view.
An endoplasm is nearby!
Found a scroll labelled TYOQAH SUARIDGH.
The helpless endoplasm fails to defend itself.
You hit the endoplasm.
The endoplasm is heavily wounded.
The endoplasm completely misses you.
An endoplasm is nearby!
An endoplasm is nearby!
You hit the endoplasm.
You kill the endoplasm!
Are you sure you want to abandon this character and quit the game? (Confirm with "yes".)

#####
######...#
#.@....#.#
#.####...# .?.
##.## ####
#...# ..
###...###
#.#.......###
#.............
###.......###.#
###...### #.#


There were no monsters in sight!

Vanquished Creatures
  3 endoplasms
  5 giant cockroaches
  2 goblins (D:1)
  A hobgoblin (D:1)
  2 kobolds
  2 quokkas
  2 ball pythons (D:1)
  4 bats
  4 frilled lizards (D:1)
  4 rats (D:1)
29 creatures vanquished.

Notes
Turn   | Place    | Note
-------+----------+-------------------------------------------
     0 | D:1      | gruber the Demonspawn Ice Elementalist began the quest for
                  | the Orb.
     0 | D:1      | Reached XP level 1. HP: 13/13 MP: 3/3
    87 | D:1      | Reached skill level 4 in Ice Magic
    97 | D:1      | Gained mutation: Spells you cast may paralyse adjacent
                  | enemies. [demonic ancestry]
    97 | D:1      | Reached XP level 2. HP: 19/19 MP: 0/5
   851 | D:2      | Gained mutation: You have a pair of small antennae on your
                  | head. [demonic ancestry]
   851 | D:2      | Reached XP level 3. HP: 24/24 MP: 4/6
   886 | D:2      | Quit the game

Illustrated notes

Levels and vault maps discovered:
D:1:      dpeg_arrival_windows_large_door, layout_rooms, minmay_bisected
D:2:      layout_loops_ring, minivault_27

Skill      XL: |  1 |
---------------+----+-----
Ice Magic      | 4 |  4.5
Dodging        | |  1.7
Stealth        | |  1.7
Spellcasting   | |  2.0

Action                     || total
---------------------------++-------
  Melee: Unarmed           ||    45
         Short sword       ||     4
   Cast: Freeze            ||    38
   Stab: Paralysed         ||     4
         Sleeping          ||     1
 Armour: Robe              ||    34
  Dodge: Dodged            ||    62

Table legend: (Time is in decaauts)
 A = Elapsed time spent in this place.
 B = Non-inter-level travel time spent in this place.
 C = Inter-level travel time spent in this place.
 D = Time resting spent in this place.
 E = Time spent auto-exploring this place.
 F = Levels seen in this place.
 G = Mean time per level.
                   A        B        C        D        E       F      G
               +--------+--------+--------+--------+--------+-----+--------+
         Total |    885 |    870 |     15 |      0 |    637 |   2 |  442.5 |
       Dungeon |    885 |    870 |     15 |      0 |    637 |   2 |  442.5 |
               +--------+--------+--------+--------+--------+-----+--------+

Top non-repeatable levels by time:
     D:1: 718 daAuts
     D:2: 167 daAuts
